[Event "Late-Titled-Tuesday-Blitz-May-07-2024"]
[Site "Chess.com"]
[Date "2024.05.07"]
[Round "3"]
[White "besarquis"]
[Black "PenguinPacks"]
[Result "1-0"]
[WhiteElo "2280"]
[BlackElo "2493"]
[TimeControl "180+1"]
[EndTime "14:26:35 PDT"]
[Termination "besarquis won by resignation"]

1. e4 c5 2. Nf3 d6 3. Bb5+ Bd7 4.
Bxd7+ Nxd7 5. c4 Ngf6 6. Nc3 e6 7. d4 cxd4 8. Nxd4 a6 9. b3 Be7 10. Be3 O-O 11. Rc1 Qa5 12. O-O Qh5 13. f3 Rfd8 14. Nde2 Qa5 15. Qd2 Ne5 16. Nd5 Qxd2 17. Nxe7+ Kf8 18.
Bxd2 Kxe7 19. Rfd1 b5 20. cxb5 axb5 21. Rc2 Rdc8 22.
Rdc1 Rxc2 23. Rxc2 Kd7 24. Nd4 Rb8 25. Bb4 Nd3 26.
Ba5 Rb7 27. Kf1 Ra7 28. b4 Rb7 29. Nc6 Ng8 30. Nd8 Ra7 31. Nxf7 h6 32. Rd2 Ne5 33. Nxe5+ 1-0

[Event "Late-Titled-Tuesday-Blitz-May-07-2024"]
[Site "Chess.com"]
[Date "2024.05.07"]
[Round "3"]
[White "Stanbad1"]
[Black "albayo"]
[Result "1-0"]
[WhiteElo "2623"]
[BlackElo "2425"]
[TimeControl "180+1"]
[EndTime "14:26:36 PDT"]
[Termination "Stanbad1 won by resignation"]

1. d4 Nf6 2. Nc3 g6 3. e4 d6 4. Be3 Bg7 5. f3 O-O 6. Qd2 Nbd7 7. O-O-O c5 8. dxc5 dxc5 9. Bxc5 Qa5 10. Be3 a6 11. Kb1 b5 12. Nd5 Qd8 13. Nb6 Rb8 14. Nxd7 Nxd7 15.
Bh6 Qc7 16. Bxg7 Kxg7 17. Ne2 Nb6 18. Qc3+ Qxc3 19. Nxc3 Be6 20. Bd3 Rfd8 21. b3 b4 22. Ne2 a5 23. Bb5 a4 24. Nd4 axb3 25. axb3 Bd7 26.
Bxd7 Rxd7 27. Nc6 Rbb7 28. Nxb4 Rdc7 29. Nd5 Nxd5 30. Rxd5 Rc3 31. Kb2 Rbc7 32. Rd2 f5 33. Re1 Kf6 34. Ree2 e5 35. Rd6+ Kg5 36. exf5 gxf5 37.
Rd5 R7c5 38. Rdxe5 Rxc2+ 39. Rxc2 Rxe5 40. b4 h5 41. Kb3 h4 42. Ka4 h3 43. gxh3 Kh4 44. b5 Kxh3 45. b6 Re8 46. Rc5 f4 47. Rf5 1-0

[Event "Late-Titled-Tuesday-Blitz-May-07-2024"]
[Site "Chess.com"]
[Date "2024.05.07"]
[Round "3"]
[White "frequentblunders"]
[Black "Sandstad"]
[Result "0-1"]
[WhiteElo "2197"]
[BlackElo "2438"]
[TimeControl "180+1"]
[EndTime "14:26:37 PDT"]
[Termination "Sandstad won by resignation"]

1. d3 Nf6 2. f4 d5 3. Nd2 c5 4. Ngf3 Nc6 5. e4 Bg4 6. Be2 e6 7. O-O Bxf3 8. Bxf3 Nd4 9. c3 Nxf3+ 10. Qxf3 Be7 11.
e5 Nd7 12. a3 b5 13. d4 Qb6 14.
Nb3 a5 15. Be3 a4 16. Nxc5 Nxc5 17. dxc5 Bxc5 18. Bxc5 Qxc5+ 19. Qf2 Rc8 20. Qxc5 Rxc5 21. Rad1 Rc4 22. Kf2 Rxf4+ 23. Kg3 Rxf1 24. Rxf1 Ke7 25. Rf4 Rc8 26. Rb4 Rc5 27. h4 f6 28. exf6+ gxf6 29.
Kf3 e5 30. g4 Kd6 31. g5 f5 32. h5 Ke6 33. Kg3 Kf7 34. Kf3 Kg7 35. Kg3 h6 36. g6 Kf6 37. Rh4 Rc4 38. Rxc4 bxc4 39. Kf3 d4 40. cxd4 exd4 41. Ke2 f4 42. Kf3 c3 43. bxc3 dxc3 44. Ke2 Kg7 45. Kd3 f3 46. Kxc3 f2 47.
Kb4 f1=Q 48. Kxa4 Qd1+ 49. Kb5 Qxh5+ 50. Kb4 Qxg6 51. a4 h5 52. a5 Qa6 0-1

[Event "Late-Titled-Tuesday-Blitz-May-07-2024"]
[Site "Chess.com"]
[Date "2024.05.07"]
[Round "3"]
[White "Rital44"]
[Black "DucksParadise"]
[Result "1-0"]
[WhiteElo "2718"]
[BlackElo "2565"]
[TimeControl "180+1"]
[EndTime "14:26:42 PDT"]
[Termination "Rital44 won on time"]

1. e4 d5 2. exd5 Qxd5 3. Nc3 Qe5+ 4. Nge2 c6 5. d4 Qc7 6. Bf4 Qd8 7. h3 Nf6 8. g4 h5 9. g5 Nd5 10. Bd2 Bf5 11. Bg2 e6 12. Ng3 Bg6 13. O-O Nxc3 14.
bxc3 h4 15. Rb1 hxg3 16. fxg3 b5 17. c4 a6 18. c3 Bd6 19. Kh2 Bxb1 20. Qxb1 Qc7 21.
Rf3 bxc4 22. Bf1 Nd7 23. Bxc4 Nf8 24. g6 fxg6 25. Bg5 Rh5 26. h4 Be7 27. Bf4 1-0

[Event "Late-Titled-Tuesday-Blitz-May-07-2024"]
[Site "Chess.com"]
[Date "2024.05.07"]
[Round "3"]
[White "Naoki"]
[Black "Hirna2005"]
[Result "1-0"]
[WhiteElo "2586"]
[BlackElo "2330"]
[TimeControl "180+1"]
[EndTime "14:26:43 PDT"]
[Termination "Naoki won by resignation"]

1. d4 g6 2. Nc3 Bg7 3. Bf4 d6 4. e4 a6 5. a4 Nc6 6. d5 Nb8 7. h4 Nf6 8. Be2 h5 9. f3 Nbd7 10. Nh3 Nc5 11. Nf2 a5 12. Qd2 Bd7 13. g4 hxg4 14.
fxg4 c6 15. h5 Qb6 16. h6 Bf8 17. g5 Nh5 18. Bxh5 gxh5 19. O-O-O cxd5 20. Nxd5 Qd8 21. Bxd6 Rc8 22. Bxc5 Rxc5 23. Qd4 e5 24. Qxe5+ Be6 25. Nf6+ Qxf6 26. Qxf6 1-0

[Event "Late-Titled-Tuesday-Blitz-May-07-2024"]
[Site "Chess.com"]
[Date "2024.05.07"]
[Round "3"]
[White "KHBR4"]
[Black "baki83"]
[Result "0-1"]
[WhiteElo "2729"]
[BlackElo "2927"]
[TimeControl "180+1"]
[EndTime "14:26:45 PDT"]
[Termination "baki83 won by checkmate"]

1. e4 c5 2. Nf3 d6 3. Bb5+ Bd7 4. Bxd7+ Qxd7 5. b3 Nc6 6. Bb2 e5 7. O-O Nf6 8. Nc3 Be7 9. d3 O-O 10. Nd2 Nd4 11.
Nc4 Ng4 12. Ne3 Nxe3 13. fxe3 Nc6 14. Nd5 f5 15. exf5 Rxf5 16. Qe2 Raf8 17. e4 R5f7 18. Rxf7 Rxf7 19. Rf1 Bg5 20. h3 Bf4 21. Qg4 Qxg4 22. hxg4 Bh2+ 23. Kxh2 Rxf1 24. Kg3 Nd4 25. Ne3 Ne2+ 26.
Kh4 Rb1 27. Ba3 Rh1+ 28. Kg5 Kf7 29. Nc4 h6+ 30. Kf5 Nd4# 0-1

[Event "Late-Titled-Tuesday-Blitz-May-07-2024"]
[Site "Chess.com"]
[Date "2024.05.07"]
[Round "3"]
[White "LikeWater"]
[Black "finec2"]
[Result "1-0"]
[WhiteElo "2678"]
[BlackElo "2290"]
[TimeControl "180+1"]
[EndTime "14:26:45 PDT"]
[Termination "LikeWater won by resignation"]

1. e4 c5 2. Nf3 e6 3. Nc3 Nc6 4. Bb5 Nd4 5. O-O a6 6. Bd3 b5 7. b3 Bb7 8. Nxd4 cxd4 9. Ne2 e5 10. c3 dxc3 11. dxc3 d5 12. Ng3 Nf6 13. Bg5 Be7 14.
Bxf6 Bxf6 15. a4 bxa4 16. Rxa4 O-O 17. Qc2 g6 18. exd5 Qxd5 19. Be4 Qb5 20. c4 Qb6 21. c5 Qc7 22. c6 Bc8 23. Bd5 Bg7 24. Ne4 Kh8 25. Qc5 Rd8 26. Ng5 Bf8 27. Qc4 f6 28.
Nf7+ Kg7 29. Nxd8 Qxd8 30. c7 1-0

[Event "Late-Titled-Tuesday-Blitz-May-07-2024"]
[Site "Chess.com"]
[Date "2024.05.07"]
[Round "3"]
[White "moro182"]
[Black "toninhojit"]
[Result "1-0"]
[WhiteElo "2873"]
[BlackElo "2608"]
[TimeControl "180+1"]
[EndTime "14:26:46 PDT"]
[Termination "moro182 won by resignation"]

1. d4 Nf6 2. Bf4 d5 3. e3 e6 4. Nf3 Bd6 5. Nbd2 O-O 6. Bd3 c5 7. dxc5 Bxc5 8. O-O Nc6 9. c3 Qe7 10. Bg5 h6 11. Bh4 e5 12. e4 d4 13. Nb3 Bb6 14.
cxd4 Nxd4 15. Nbxd4 Bxd4 16. Nxd4 exd4 17. Re1 g5 18.
Bg3 Be6 19. h4 Ng4 20. hxg5 Qxg5 21. Qc1 Qg7 22. Qf4 f6 23. Rac1 Rac8 24. Qd6 Qd7 25. Qxd7 Bxd7 26. f4 Ne3 27. Bf2 Rxc1 28. Rxc1 Rc8 29.
Rxc8+ Bxc8 30. Bxe3 dxe3 31. Kf1 Bg4 32. Be2 Be6 33. b3 a5 34. Bc4 Kf7 35. Ke2 Ke7 36. Bxe6 Kxe6 37. Kxe3 1-0

[Event "Late-Titled-Tuesday-Blitz-May-07-2024"]
[Site "Chess.com"]
[Date "2024.05.07"]
[Round "3"]
[White "As0nchess"]
[Black "Axf7"]
[Result "1-0"]
[WhiteElo "2543"]
[BlackElo "2030"]
[TimeControl "180+1"]
[EndTime "14:26:51 PDT"]
[Termination "As0nchess won by resignation"]

1. e4 c5 2. Nf3 d6 3. Bb5+ Bd7 4.
c4 Nf6 5. Nc3 g6 6. O-O Bg7 7. d4 cxd4 8. Nxd4 O-O 9. Bxd7 Qxd7 10.
Be3 Nc6 11. f3 Rfc8 12. b3 Nxd4 13. Bxd4 b6 14. Qd3 Rab8 15. a4 a6 16. Rfd1 Qb7 17. Rac1 Nd7 18. Bxg7 Kxg7 19. Nd5 Nc5 20. Qd4+ Kg8 21. Rb1 b5 22. cxb5 axb5 23. a5 b4 24. Nb6 Re8 25. Rdc1 Nd7 26. Nxd7 Qxd7 27. Ra1 Qb5 28.
a6 Ra8 29. a7 Qb7 30. Rc4 e5 31. Rxb4 Qc7 32. Qe3 Rec8 33. Rc4 Qb7 34. Rxc8+ Rxc8 35. h3 Ra8 36. Kh2 Kg7 37. Ra4 d5 38. exd5 Qxd5 39.
b4 Qc6 40. Ra5 Qb7 41. Qxe5+ 1-0

[Event "Late-Titled-Tuesday-Blitz-May-07-2024"]
[Site "Chess.com"]
[Date "2024.05.07"]
[Round "3"]
[White "dianamirza"]
[Black "Itay121"]
[Result "0-1"]
[WhiteElo "1941"]
[BlackElo "2543"]
[TimeControl "180+1"]
[EndTime "14:26:51 PDT"]
[Termination "Itay121 won by checkmate"]

1. e4 f6 2. d4 Kf7 3. f4 e6 4.
Nf3 d5 5. exd5 exd5 6. Bd3 c6 7. O-O Bd6 8. c3 Ne7 9. Be3 Nf5 10. Nbd2 Nxe3 11.
Qe2 Nxf1 12. Rxf1 Re8 13. Qf2 Qe7 14. Bxh7 Qe3 15. Ne5+ Rxe5 16. fxe5 Qxf2+ 17. Rxf2 Be7 18. exf6 Bxf6 19. Bf5 Bxf5 20. Rxf5 Nd7 21. g3 Re8 22. Nf3 Kg6 23. Rf4 Re2 24. Nh4+ Bxh4 25. Rxh4 Rxb2 26. Rg4+ Kf7 27. Rf4+ Nf6 28. g4 Ke6 29. g5 Ne4 30.
g6 Rxa2 31. Rf7 Nd6 32. Rxg7 Kf6 33. Rd7 Nf5 34. Rxb7 Kxg6 35. Rc7 Kg5 36. Rxc6 Kf4 37. Rf6 Rc2 38. h4 Rxc3 39. h5 Rh3 40. Ra6 Rxh5 41.
Rxa7 Nxd4 42. Rd7 Ke4 43. Re7+ Re5 44. Rd7 Nf3+ 45. Kf2 d4 46. Ke2 Ra5 47. Re7+ Ne5 48. Kd2 Ra2+ 49. Kd1 Kd3 50. Kc1 Nc4 51. Rc7 Ra1# 0-1

[Event "Late-Titled-Tuesday-Blitz-May-07-2024"]
[Site "Chess.com"]
[Date "2024.05.07"]
[Round "3"]
[White "PhileKhoob"]
[Black "K_A_S_T_O_R"]
[Result "1-0"]
[WhiteElo "2347"]
[BlackElo "2827"]
[TimeControl "180+1"]
[EndTime "14:26:53 PDT"]
[Termination "PhileKhoob won by resignation"]

1. Nf3 c5 2. c4 Nf6 3. Nc3 e6 4. d4 cxd4 5. Nxd4 Bb4 6. g3 O-O 7. Bg2 d5 8. O-O Bxc3 9. bxc3 a6 10. Rb1 Qc7 11. cxd5 Nxd5 12. Ba3 Rd8 13. Rc1 Nd7 14. c4 N5f6 15. Nb3 Ne5 16. Qc2 Bd7 17. Bb2 Bc6 18. f3 Rac8 19. Qc3 Ng6 20. c5 e5 21. Rfd1 Bb5 22. e4 Rxd1+ 23. Rxd1 Rd8 24. Rd2 Rxd2 25. Qxd2 Bc4 26. Qc3 Be6 27. Bf1 Nd7 28. Ba3 Nb8 29. Bc4 Qd7 30. Bxe6 Qxe6 31. Qd2 Nc6 32. Na5 Nxa5 33.
Qd8+ 1-0

[Event "Late-Titled-Tuesday-Blitz-May-07-2024"]
[Site "Chess.com"]
[Date "2024.05.07"]
[Round "3"]
[White "GM_dmitrij"]
[Black "SchmakAttack"]
[Result "1-0"]
[WhiteElo "3046"]
[BlackElo "2775"]
[TimeControl "180+1"]
[EndTime "14:26:55 PDT"]
[Termination "GM_dmitrij won by resignation"]

1. d4 Nf6 2. c4 e6 3. Nf3 d5 4. g3 Be7 5. Bg2 O-O 6. Nc3 c6 7. Qd3 b6 8. b3 Ba6 9. O-O c5 10. Ne5 Nfd7 11. Rd1 cxd4 12. Nxd7 Nxd7 13. Qxd4 Rc8 14.
Bb2 Bf6 15. Qd2 d4 16. Ne4 e5 17. e3 Nc5 18. Nxf6+ Qxf6 19. exd4 exd4 20. Bxd4 Qg6 21. Bxc5 Rxc5 22. Qd7 Bc8 23. Qxa7 h5 24. Qe7 h4 25.
Be4 Qh5 26. Rd8 1-0

[Event "Late-Titled-Tuesday-Blitz-May-07-2024"]
[Site "Chess.com"]
[Date "2024.05.07"]
[Round "3"]
[White "aa175"]
[Black "vladgoncharov"]
[Result "1-0"]
[WhiteElo "2733"]
[BlackElo "2577"]
[TimeControl "180+1"]
[EndTime "14:26:57 PDT"]
[Termination "aa175 won on time"]

1. d4 Nf6 2. Bf4 e6 3. e3 b6 4.
Nf3 Bb7 5. Nbd2 Nh5 6. h4 Nxf4 7. exf4 c5 8. Bd3 cxd4 9. Nb3 Nc6 10. Nbxd4 Nxd4 11. Nxd4 Bxg2 12. Rg1 Bb7 13. h5 Qf6 14.
Nb5 Qxf4 15. Qe2 a6 16. Rg4 Qh2 17. O-O-O Bc5 18. Be4 Bxe4 19. Qxe4 O-O 20. Rdg1 g6 21. hxg6 f5 22. gxh7+ Kh8 23. Rg8+ Rxg8 24. hxg8=Q+ Rxg8 25. Rxg8+ Kxg8 26. Qa8+ Kf7 27. Qxa6 Qxf2 28. b3 Qf1+ 29.
Kb2 f4 30. Nd6+ Bxd6 31. Qxf1 e5 32. Qf3 Ke6 33. c4 Kf5 34. Qd3+ Kg4 35. Qg6+ Kf3 36. Qxd6 e4 37. Qxd7 e3 38. Qc6+ Kf2 39. Qxb6 f3 40.
Qe6 Ke2 41. c5 f2 42. c6 f1=Q 43. Qc4+ Kf2 44. Qf4+ Ke2 45. Qxf1+ Kxf1 46. c7 e2 47. c8=Q e1=Q 48. Qc1 1-0

[Event "Late-Titled-Tuesday-Blitz-May-07-2024"]
[Site "Chess.com"]
[Date "2024.05.07"]
[Round "3"]
[White "Hakiki_satranc"]
[Black "xasid81"]
[Result "0-1"]
[WhiteElo "2410"]
[BlackElo "2619"]
[TimeControl "180+1"]
[EndTime "14:27:03 PDT"]
[Termination "xasid81 won on time"]

1. e4 c6 2. Nc3 d5 3. d4 dxe4 4. Nxe4 Nf6 5. Qd3 Nxe4 6. Qxe4 Qd5 7. Qd3 Bf5 8. Qd1 Qe4+ 9. Be3 Qxc2 10. Qxc2 Bxc2 11.
Rc1 Be4 12. Ne2 e6 13. Nc3 Bg6 14. a3 Be7 15. d5 exd5 16. Nxd5 cxd5 17. Rc8+ Bd8 18.
Bb5+ Ke7 19. Bc5+ Kf6 20. O-O Bf5 21. Bd4+ Kg6 22. Rc3 Bf6 23. Rg3+ Kh6 24. Be3+ g5 25. h4 Rg8 26. Rd1 Be6 27. f3 Kh5 28. Kf2 g4 29.
Bd4 Bxd4+ 30. Rxd4 Nc6 31. fxg4+ Rxg4 32. Rdxg4 Bxg4 33. Bd3 f5 34. Ke3 Kxh4 35. Kf4 Re8 36. Bxf5 Bxf5 37.
Rg7 Bg6 0-1

[Event "Late-Titled-Tuesday-Blitz-May-07-2024"]
[Site "Chess.com"]
[Date "2024.05.07"]
[Round "3"]
[White "Nechitaylo_Nikita"]
[Black "Vazabanga"]
[Result "0-1"]
[WhiteElo "2343"]
[BlackElo "2683"]
[TimeControl "180+1"]
[EndTime "14:27:03 PDT"]
[Termination "Vazabanga won on time"]

1. d4 Nf6 2. c4 e6 3. Nc3 Bb4 4.
e3 O-O 5. Bd2 d5 6. Rc1 Nbd7 7.
Nf3 c6 8. Bd3 Bd6 9. O-O Re8 10.
Qc2 dxc4 11. Bxc4 e5 12. Qb3 Qe7 13. Ng5 Rf8 14. Nce4 Nxe4 15. Nxe4 exd4 16. Nxd6 Qxd6 17. exd4 Qxd4 18. Bb4 c5 19. Rcd1 Qg4 20. Bc3 Qg6 21. g3 Nb6 22. Bd3 Bf5 23. Qb5 a6 24. Qb3 Bxd3 0-1

[Event "Late-Titled-Tuesday-Blitz-May-07-2024"]
[Site "Chess.com"]
[Date "2024.05.07"]
[Round "3"]
[White "HipsterChess22"]
[Black "dealshark"]
[Result "0-1"]
[WhiteElo "2227"]
[BlackElo "2557"]
[TimeControl "180+1"]
[EndTime "14:27:07 PDT"]
[Termination "dealshark won on time"]

1. d4 d5 2. Nc3 e6 3. e4 dxe4 4.
Nxe4 Bd7 5. Nf3 Bc6 6. Bd3 Nd7 7.
O-O Ngf6 8. Ng3 Be7 9. c3 O-O 10. Re1 b6 11. Qe2 Bb7 12. Bg5 c5 13. Rad1 Qc7 14. Bb1 Rad8 15. Rd2 Rfe8 16. Red1 cxd4 17. Nxd4 Nc5 18. Nh5 Nxh5 19. Qxh5 g6 20. Qh4 Bxg5 21. Qxg5 Rd5 22. Qg3 Qxg3 23. hxg3 Red8 24. Nf3 Na4 25. Rxd5 Rxd5 26. Rxd5 Bxd5 27. Nd2 Nxb2 28. f3 Kf8 0-1

[Event "Late-Titled-Tuesday-Blitz-May-07-2024"]
[Site "Chess.com"]
[Date "2024.05.07"]
[Round "3"]
[White "Reyson01"]
[Black "Aryan_Tamadon"]
[Result "1-0"]
[WhiteElo "2380"]
[BlackElo "2524"]
[TimeControl "180+1"]
[EndTime "14:27:08 PDT"]
[Termination "Reyson01 won by resignation"]

1. e4 Nf6 2. e5 Nd5 3. d4 d6 4. Nf3 g6 5. Bc4 Nb6 6. Bb3 Bg7 7. O-O O-O 8. a4 a5 9. exd6 Qxd6 10. Nc3 Bg4 11. Nb5 Qd7 12. h3 Bxf3 13. Qxf3 c6 14. Nc3 Bxd4 15. Rd1 c5 16. Bh6 Nc6 17. Bxf8 Rxf8 18.
Ne4 Qf5 19. c3 Qxf3 20. gxf3 Bg7 21. Nxc5 Ne5 22. f4 Nf3+ 23. Kg2 Nh4+ 24. Kf1 Rb8 25. Nd7 Nxd7 26. Rxd7 Bf6 27. Rad1 Kg7 28. Rd8 Rxd8 29. Rxd8 Nf3 30. Ke2 Ng1+ 31. Ke3 Nxh3 32. Rd7 h5 33. Rd1 e5 34. fxe5 Bxe5 35. Rd5 Bf4+ 36. Kf3 Bc1 37. Rxa5 Ng5+ 38. Kg2 Ne6 39. Bxe6 fxe6 40. Rb5 Kf6 41. Rxb7 g5 42. a5 g4 43. a6 h4 44. a7 h3+ 45. Kg1 g3 46.
fxg3 Be3+ 47. Kh2 Bxa7 48. Rxa7 1-0

[Event "Late-Titled-Tuesday-Blitz-May-07-2024"]
[Site "Chess.com"]
[Date "2024.05.07"]
[Round "3"]
[White "Szparu"]
[Black "ChessicallyInclined"]
[Result "1-0"]
[WhiteElo "2931"]
[BlackElo "2729"]
[TimeControl "180+1"]
[EndTime "14:27:09 PDT"]
[Termination "Szparu won by resignation"]

1. e4 e5 2. Nf3 Nc6 3. d4 exd4 4. Nxd4 Nf6 5. Nxc6 bxc6 6. Bd3 Bc5 7. e5 Nd5 8. Qg4 g6 9. O-O O-O 10. Qg3 d6 11.
Bg5 Qd7 12. exd6 cxd6 13. Nd2 Bd4 14. Nc4 Bg7 15. c3 f6 16. Bd2 Rd8 17. Rad1 Nb6 18. Na5 d5 19. c4 Ba6 20. Bc3 Qc8 21. b3 dxc4 22. bxc4 Nd7 23. Be4 Bb7 24. Nxb7 Qxb7 25. Qd6 Rac8 26. Rfe1 Qa6 27. Qe6+ Kh8 28. Rxd7 1-0

[Event "Late-Titled-Tuesday-Blitz-May-07-2024"]
[Site "Chess.com"]
[Date "2024.05.07"]
[Round "3"]
[White "cthake"]
[Black "Kirill_Klukin"]
[Result "0-1"]
[WhiteElo "1863"]
[BlackElo "2827"]
[TimeControl "180+1"]
[EndTime "14:27:09 PDT"]
[Termination "Kirill_Klukin won by resignation"]

1. e4 c5 2. Nf3 Nc6 3. Bb5 g6 4. Bxc6 bxc6 5. c3 Bg7 6. O-O Nh6 7. d3 O-O 8. h3 f6 9. Be3 d6 10. Qd2 Nf7 11. Na3 f5 12. exf5 Bxf5 13. d4 cxd4 14.
Nxd4 Bd7 15. Nac2 Ne5 16. Qe2 c5 17. Nb3 Qe8 18. Rad1 Bb5 19. Qd2 Bxf1 20. Rxf1 Nc4 21. Qd5+ Qf7 22. Qd3 Nxb2 23. Qd2 Nc4 24. Qe2 Bxc3 25.
Bh6 Bg7 26. Bxg7 Kxg7 27. Rd1 Ne5 28. Ne3 a5 29. Nd2 Qxa2 30. Qb5 Rab8 31. Qa6 Rb2 32. Nec4 Nxc4 33. Qxc4 Rxd2 34. Qc3+ Kg8 35. Rxd2 Qb1+ 36. Kh2 Qb4 37. Qd3 a4 38. Qd5+ Kg7 39. Re2 Qf4+ 40. g3 Qf6 41. h4 a3 42. h5 gxh5 43. Qxh5 Rf7 44. Qg4+ Qg6 45. Qe6 Qxe6 46. Rxe6 Rxf2+ 0-1

[Event "Late-Titled-Tuesday-Blitz-May-07-2024"]
[Site "Chess.com"]
[Date "2024.05.07"]
[Round "3"]
[White "TheDevilAdvisoR"]
[Black "Oleg_Papayan"]
[Result "1-0"]
[WhiteElo "2484"]
[BlackElo "2644"]
[TimeControl "180+1"]
[EndTime "14:27:10 PDT"]
[Termination "TheDevilAdvisoR won by checkmate"]

1. Nf3 Nf6 2. g3 c5 3. Bg2 Nc6 4. O-O e5 5. d3 d5 6. c4 d4 7. e3 Be7 8. exd4 exd4 9. Re1 O-O 10. Bf4 Bf5 11. Ne5 Nxe5 12. Bxe5 Qd7 13. Qb3 b6 14. Bxa8 Rxa8 15. Bxf6 Bxf6 16. Nd2 g6 17. Ne4 Bg7 18. a4 h5 19. a5 Re8 20. axb6 axb6 21. Qxb6 h4 22.
Nxc5 Rxe1+ 23. Rxe1 Qc8 24. Ne4 hxg3 25. hxg3 Be6 26.
c5 f5 27. Ng5 Bd5 28. Qxg6 Qxc5 29. Re8+ Qf8 30. Qh7# 1-0

[Event "Late-Titled-Tuesday-Blitz-May-07-2024"]
[Site "Chess.com"]
[Date "2024.05.07"]
[Round "3"]
[White "MuhittinBuker"]
[Black "Akhayan"]
[Result "1/2-1/2"]
[WhiteElo "2207"]
[BlackElo "2422"]
[TimeControl "180+1"]
[EndTime "14:27:10 PDT"]
[Termination "Game drawn by repetition"]

1. d4 Nf6 2. c4 g6 3. Nc3 d5 4. cxd5 Nxd5 5. e4 Nxc3 6. bxc3 Bg7 7. Nf3 c5 8. Bb5+ Nc6 9. O-O O-O 10. Bxc6 bxc6 11.
Be3 cxd4 12. cxd4 c5 13. d5 Bxa1 14. Qxa1 Ba6 15. Rc1 f5 16. Ng5 Qd6 17. Ne6 Rf7 18.
Bxc5 Qd7 19. Qe5 Rc8 20. Rb1 Bd3 21. Bd4 Rf6 22. Rb8 Bxe4 23. f3 Bxd5 24. Rxc8+ Qxc8 25. Nf4 Qc1+ 26. Kf2 Qd2+ 27. Kg3 Bf7 28. Qb8+ Kg7 29.
Bxf6+ exf6 30. Qxa7 g5 31. Ne6+ Kg6 32. Nf8+ Kg7 33. Ne6+ Kg6 34. Nf8+ Kg7 35. Ne6+ 1/2-1/2

[Event "Late-Titled-Tuesday-Blitz-May-07-2024"]
[Site "Chess.com"]
[Date "2024.05.07"]
[Round "3"]
[White "protectiago"]
[Black "Onthequiet"]
[Result "0-1"]
[WhiteElo "2050"]
[BlackElo "2389"]
[TimeControl "180+1"]
[EndTime "14:27:10 PDT"]
[Termination "Onthequiet won by resignation"]

1. d4 b6 2. Nf3 Bb7 3. Nbd2 g6 4. e4 Bg7 5. Bd3 e6 6. O-O Ne7 7. c3 d6 8. Re1 Nd7 9. e5 O-O 10. exd6 cxd6 11. Nf1 h6 12. Ng3 Nf6 13. Ne4 Nf5 14.
Nxf6+ Qxf6 15. Be4 Bxe4 16. Rxe4 b5 17. Qe2 Rab8 18.
g4 Nh4 19. Nxh4 Qxh4 20. g5 Qh3 21. Bf4 Rb6 22. gxh6 Bxh6 23. Bg3 Qf5 24. a3 Rc8 25. Re1 a5 26. Qf1 b4 27. cxb4 axb4 28. a4 b3 29.
Qh3 Qxh3 0-1

[Event "Late-Titled-Tuesday-Blitz-May-07-2024"]
[Site "Chess.com"]
[Date "2024.05.07"]
[Round "3"]
[White "Defend1r"]
[Black "eljanov"]
[Result "0-1"]
[WhiteElo "2620"]
[BlackElo "2874"]
[TimeControl "180+1"]
[EndTime "14:27:12 PDT"]
[Termination "eljanov won by resignation"]

1. e4 c6 2. d4 d5 3. e5 Bf5 4. h4 h5 5. Bd3 Bxd3 6. Qxd3 Qa5+ 7. Nc3 e6 8. Bg5 c5 9. Qb5+ Qxb5 10. Nxb5 Kd7 11.
dxc5 Bxc5 12. Nf3 Nc6 13. c3 Nh6 14. Nbd4 Rac8 15. Bf4 Nxd4 16. cxd4 Bb4+ 17. Kd1 Ng4 18. Be3 f6 19. exf6 gxf6 20. Rc1 e5 21. Ke2 e4 22. Nd2 Nxe3 23. Kxe3 Rhg8 24. g3 Bf8 25. Ke2 Bh6 26. Rc3 Rxc3 27. bxc3 Rc8 28. Rc1 f5 29. Rc2 b5 30. Kd1 f4 31. gxf4 Bxf4 32. Nf1 Rg8 33. Rb2 Kc6 34. a4 bxa4 35. Rb4 a5 36. Rxa4 Kb5 37. Ra2 Rg4 38. Ne3 Bxe3 0-1

[Event "Late-Titled-Tuesday-Blitz-May-07-2024"]
[Site "Chess.com"]
[Date "2024.05.07"]
[Round "3"]
[White "Matalon"]
[Black "ritanovikova"]
[Result "0-1"]
[WhiteElo "2407"]
[BlackElo "2185"]
[TimeControl "180+1"]
[EndTime "14:27:13 PDT"]
[Termination "ritanovikova won by checkmate"]

1. e4 d5 2. exd5 Qxd5 3. Nc3 Qd6 4. d4 Nf6 5. Bd3 a6 6. Nge2 Nc6 7. Bf4 Qd8 8. Qd2 e6 9. O-O-O Bd6 10. Rhe1 Bxf4 11.
Qxf4 O-O 12. Qh4 Ne7 13. Nf4 Ng6 14. Bxg6 hxg6 15. Nh3 Nh7 16. Qg3 Qd6 17. Qf3 Rb8 18. d5 exd5 19. Nxd5 Qc5 20. Ne7+ Kh8 21. Nf4 Bf5 22. Nd3 Bxd3 23. Rxd3 Rbe8 24. Rde3 Qg5 25. h4 Qh6 26. g4 Rxe7 27. g5 Rxe3 28. Qxe3 Qh5 29. f4 Rg8 30. Qe7 Qxh4 31. Qxf7 Qxe1# 0-1

[Event "Late-Titled-Tuesday-Blitz-May-07-2024"]
[Site "Chess.com"]
[Date "2024.05.07"]
[Round "3"]
[White "jcibarra"]
[Black "Lennis93"]
[Result "1-0"]
[WhiteElo "2926"]
[BlackElo "2718"]
[TimeControl "180+1"]
[EndTime "14:27:18 PDT"]
[Termination "jcibarra won on time"]

1. e4 c6 2. Nf3 d5 3. d3 Bg4 4. h3 Bxf3 5. Qxf3 e6 6. g3 Nf6 7. Bg2 Nbd7 8. O-O Qb6 9. exd5 cxd5 10. c4 O-O-O 11. Nc3 d4 12. Nb5 Ne5 13. Qe2 Nc6 14. Bd2 a6 15. a4 a5 16. c5 Bxc5 17. Rfc1 Kd7 18. Rc4 Ke7 19. Rac1 Nd7 20. Qh5 Bb4 21. Bg5+ f6 22. Bxc6 bxc6 23. Rxc6 Qb8 24. Qg4 fxg5 25. Rxe6+ Kf8 26. Qf5+ Kg8 27. Rec6 Nf8 28. Rc7 1-0

[Event "Late-Titled-Tuesday-Blitz-May-07-2024"]
[Site "Chess.com"]
[Date "2024.05.07"]
[Round "3"]
[White "gshwbedhkhd"]
[Black "KebabJangles"]
[Result "1-0"]
[WhiteElo "2595"]
[BlackElo "2370"]
[TimeControl "180+1"]
[EndTime "14:27:20 PDT"]
[Termination "gshwbedhkhd won by checkmate"]

1. f4 Nf6 2. Nf3 g6 3. g3 Bg7 4. Bg2 O-O 5. O-O d6 6. d3 c5 7. e4 Nc6 8. c3 Rb8 9. a4 a6 10. Na3 Bd7 11. Nc2 b5 12. axb5 axb5 13. h3 b4 14. Bd2 Ne8 15. g4 Nc7 16. d4 Nb5 17. d5 Na5 18. cxb4 Nc4 19. bxc5 Nxb2 20. Qe2 dxc5 21. e5 e6 22. d6 c4 23. Nfd4 Nxd4 24.
Nxd4 Nd3 25. Be3 f5 26. gxf5 gxf5 27. Qc2 Qc8 28. Ra7 Kh8 29. Rc7 Qd8 30. Qxc4 Nb2 31. Qa2 Rg8 32. Nxe6 Qe8 33. Ng5 h6 34. Nf7+ Kh7 35.
Rxd7 Qxd7 36. e6 Qb5 37. Qa7 Qe2 38. Bf2 Nc4 39. Qc5 Nd2 40. Qxf5# 1-0

[Event "Late-Titled-Tuesday-Blitz-May-07-2024"]
[Site "Chess.com"]
[Date "2024.05.07"]
[Round "3"]
[White "PawnEatingZombie"]
[Black "Temirlan_Baltabaev"]
[Result "0-1"]
[WhiteElo "2261"]
[BlackElo "2560"]
[TimeControl "180+1"]
[EndTime "14:27:21 PDT"]
[Termination "Temirlan_Baltabaev won on time"]

1. e4 e5 2. Nf3 Nc6 3. Nc3 Nf6 4. Bb5 Bb4 5. O-O O-O 6. Bxc6 dxc6 7. d3 Re8 8. Ne2 Bg4 9. Ng3 h6 10. h3 Bxf3 11.
Qxf3 Bf8 12. Nf5 Re6 13. Qg3 Kh7 14. Kh1 g6 15. Ne3 Nh5 16. Qf3 Rf6 17. Qg4 Bc5 18.
g3 Qe7 19. Kg2 Rd8 20. Bd2 Bd4 21. Rab1 Qc5 22. c3 Bxe3 23. Bxe3 Qe7 24. Rbd1 c5 25. f4 exf4 26. gxf4 Ng7 27. Rf3 b6 28. Bc1 Rfd6 29. Rg3 f5 30. exf5 Nxf5 31. Rf3 Nh4+ 0-1

[Event "Late-Titled-Tuesday-Blitz-May-07-2024"]
[Site "Chess.com"]
[Date "2024.05.07"]
[Round "3"]
[White "betta2004"]
[Black "NCchamp"]
[Result "0-1"]
[WhiteElo "2490"]
[BlackElo "2260"]
[TimeControl "180+1"]
[EndTime "14:27:23 PDT"]
[Termination "NCchamp won by resignation"]

1. d4 d5 2. c4 dxc4 3. e4 b5 4. a4 c6 5. axb5 cxb5 6. Nc3 a6 7. Nxb5 axb5 8. Rxa8 Bb7 9. Ra1 e6 10. f3 f5 11.
exf5 Nc6 12. Ne2 Bb4+ 13. Bd2 Nge7 14. fxe6 Nf5 15. d5 Ne3 16. dxc6 Nxd1 17. Bxb4 Nxb2 18. Nd4 Qxd4 19. cxb7 Qe5+ 20. Be2 Nd3+ 21. Kf1 Qxa1+ 0-1